Map: Neon Violet Square LE

Players

Echo - Winner!

  • Race: Zerg Zerg
  • League: Diamond
  • Spawn Location: 11:00

BruceBo

  • Race: Zerg Zerg
  • League: Diamond
  • Spawn Location: 5:00

VOD

Have the link to the VOD?

Description

Time

  • Played on: Feb. 4, 2018, 1:57 p.m.
  • Length: 16:46
Show
View Real Time Build Order
Export as new Build Order

Echo Zerg - Winner!

Build Orders: Hatch First 

Get SALT Encoding   

  12  0:00  Drone  
  13  0:13  Overlord  
  13  0:18  Drone  
  14  0:31  Drone x2  
  16  0:36  Drone  
  17  0:45  Drone  
  18  0:57  Hatchery  
  18  1:01  Extractor  
  18  1:02  Drone  
  17  1:09  Drone  
  18  1:22  Spawning Pool  
  18  1:24  Drone  
  18  1:29  Drone  
  19  1:39  Drone  
  20  1:49  Overlord  
  20  2:02  Drone  
  21  2:08  Queen  
  21  2:09  Queen  
  21  2:13  Zergling x2  
  21  2:14  Zergling x2  
  21  2:15  Spine Crawler  
  26  2:28  Zergling x2  
  26  2:29  Zergling x2  
  27  2:54  Zergling x2  
  27  2:55  Zergling x10  
  31  3:18  Zergling x2  
  31  3:19  Zergling x4  
  33  3:26  Drone x3  
  35  3:33  Overlord x3  
  35  3:39  Metabolic Boost  
  35  3:51  Queen  
  29  4:20  Zergling x20  
  26  4:46  Lair  
  26  4:47  Drone x4  
  26  4:48  Drone x2  
  32  4:54  Drone  
  32  4:55  Drone  
  34  5:06  Zergling x4  
  36  5:11  Spine Crawler  
  36  5:14  Queen  
  35  5:19  Zergling x4  
  33  5:59  Drone  
  33  6:00  Drone x2  
  33  6:02  Extractor  
  35  6:06  Drone x6  
  41  6:13  Extractor x2  
  39  6:30  Drone x3  
  41  6:35  Drone x2, Spire  
  41  6:36  Drone  
  30  6:56  Drone  
  30  6:57  Drone x3  
  34  7:05  Drone  
  34  7:06  Drone x6  
  41  7:08  Queen  
  43  7:19  Zergling x4  
  43  7:40  Zergling x6  
  43  7:41  Zergling x4  
  43  7:42  Hatchery  
  43  7:44  Extractor  
  42  7:48  Mutalisk x2  
  45  7:56  Zergling x6  
  49  8:05  Drone  
  49  8:06  Drone  
  49  8:12  Drone x3  
  53  8:17  Mutalisk  
  55  8:21  Queen  
  55  8:24  Drone  
  58  8:27  Overlord  
  58  8:31  Drone  
  59  8:39  Zergling x2  
  60  8:48  Spine Crawler  
  60  8:51  Evolution Chamber  
  56  9:03  Mutalisk  
  56  9:04  Mutalisk x4  
  56  9:09  Queen  
  64  9:19  Queen  
  64  9:20  Drone  
  64  9:21  Drone  
  66  9:32  Drone x2  
  66  9:36  Extractor, Zergling x2  
  66  9:37  Zergling x8  
  72  9:41  Overlord  
  70  10:11  Drone  
  70  10:12  Drone x8  
  77  10:28  Infestation Pit  
  76  10:34  Zergling x2  
  76  10:35  Zergling x10  
  82  10:39  Overlord  
  82  10:48  Zerg Ground Armor Level 1  
  82  10:50  Overlord x3  
  82  10:56  Evolution Chamber  
  81  10:59  Baneling Nest, Roach Warren  
  81  11:02  Zergling x6  
  82  11:09  Drone x5  
  87  11:12  Pathogen Glands  
  87  11:42  Infestor x4  
  87  11:43  Infestor x5  
  87  11:45  Centrifical Hooks  
  105  11:48  Baneling  
  105  11:49  Baneling x4  
  105  12:01  Zerg Melee Weapons Level 1  
  105  12:07  Zergling x2  
  106  12:09  Overlord x2  
  106  12:10  Overlord x3  
  106  12:19  Hive  
  101  12:38  Burrow  
  101  12:40  Hatchery  
  101  12:43  Baneling x6  
  101  12:44  Baneling x4  
  100  12:46  Zerg Ground Armor Level 2  
  100  12:53  Tunneling Claws  
  92  13:32  Corruptor, Greater Spire  
  92  13:33  Corruptor x7  
  108  13:43  Drone x6  
  114  14:06  Drone  
  114  14:07  Drone x13  
  114  14:09  Extractor  
  127  14:11  Extractor  
  126  14:18  Overlord x3  
  126  14:23  Roach x2  
  130  14:27  Drone x3, Infestor x4  
  133  14:31  Infestor  
  133  14:36  Corruptor x2  
  133  14:52  Brood Lord  
  133  14:53  Brood Lord x4  
  141  15:15  Brood Lord x3  
  147  15:26  Queen  
  149  15:29  Baneling x13, Extractor  
  149  15:30  Hatchery, Baneling  
  149  15:32  Brood Lord  
  149  15:34  Brood Lord  
  151  15:35  Overseer  
  151  15:42  Infestor x6, Zergling x10  
Show
View Real Time Build Order
Export as new Build Order

BruceBo Zerg 

Build Orders: Pool First, Zergling Baneling 

Get SALT Encoding   

  12  0:01  Drone  
  13  0:08  Drone  
  14  0:18  Drone, Extractor  
  14  0:34  Spawning Pool  
  13  0:37  Drone  
  14  0:45  Overlord  
  14  1:20  Metabolic Boost  
  14  1:21  Queen  
  14  1:22  Zergling x4  
  14  1:24  Zergling x2  
  19  1:33  Zergling x2  
  20  1:44  Zergling x2  
  21  1:47  Baneling Nest  
  21  1:54  Overlord  
  20  2:05  Zergling x2  
  21  2:22  Zergling x2  
  22  2:28  Zergling x2  
  23  2:35  Baneling x2  
  23  2:36  Zergling x4  
  25  2:43  Zergling x2  
  25  2:46  Zergling x2  
  25  2:51  Baneling x3  
  25  2:57  Zergling x2  
  24  3:17  Zergling x2  
  21  3:23  Zergling x2  
  21  3:26  Zergling x2  
  22  3:28  Baneling x3, Zergling x2  
  22  3:29  Zergling x2  
  22  3:30  Drone  
  25  3:40  Zergling x2  
  21  4:11  Zergling x2  
  21  4:12  Zergling x4  
  24  4:19  Zergling x4  
  25  4:25  Zergling x2  
  25  4:37  Zergling x2  
  23  4:48  Zergling x2  
  24  4:56  Hatchery  
  24  4:57  Drone  
  24  4:58  Drone x2  
  26  5:11  Drone  
  27  5:20  Baneling x3  
  27  5:24  Zergling x2  
  27  5:26  Zergling x2  
  27  5:28  Zergling x2  
  30  5:29  Overlord  
  30  5:36  Overlord  
  29  5:44  Overlord  
  29  5:52  Baneling  
  29  5:53  Baneling x2, Zergling x2  
  29  5:55  Zergling x2  
  29  5:56  Zergling x4  
  33  6:01  Baneling x2  
  33  6:06  Drone  
  33  6:09  Drone  
  35  6:22  Zergling x4  
  35  6:24  Zergling x2  
  36  6:26  Zergling x4  
  36  6:31  Zergling x4  
  40  6:37  Spore Crawler  
  33  6:49  Zergling x4  
  33  6:50  Zergling x2  
  31  6:55  Drone x4  
  35  7:02  Drone  
  36  7:09  Drone  
  36  7:13  Drone  
  36  7:15  Drone  
  39  7:21  Lair  
  38  7:23  Drone  
  35  7:41  Zergling x4  
  35  7:42  Zergling x2  
  36  7:44  Zergling x2  
  36  7:46  Zergling x2  
  36  7:47  Zergling x2  
  36  7:48  Zergling x2  
  39  7:54  Spore Crawler  
  37  8:05  Zergling x8  
  39  8:06  Zergling x2  
  40  8:13  Queen  
  40  8:16  Zergling x2  
  40  8:17  Spore Crawler  
  42  8:21  Zergling x2  
  44  8:27  Drone x2  
  44  8:31  Hydralisk Den  
  44  8:33  Extractor  
  43  8:40  Drone x2  
  43  8:41  Drone x2  
  47  8:42  Drone  
  47  8:46  Spore Crawler  
  44  9:09  Zergling x4  
  36  9:12  Zergling x2  
  36  9:13  Drone, Zergling x6  
  36  9:14  Drone  
  36  9:16  Drone  
  42  9:19  Extractor  
  42  9:23  Overlord  
  41  9:27  Hydralisk  
  43  9:34  Drone  
  43  9:38  Hydralisk  
  44  9:42  Drone  
  47  9:47  Hydralisk x3  
  47  9:48  Hydralisk  
  55  9:55  Hydralisk  
  57  10:02  Hydralisk  
  57  10:06  Hydralisk  
  59  10:12  Hydralisk  
  59  10:22  Extractor  
  59  10:25  Drone  
  59  10:26  Centrifical Hooks, Drone x3  
  59  10:27  Drone  
  63  10:32  Drone  
  64  10:38  Hydralisk  
  66  10:55  Hatchery, Hydralisk  
  67  10:57  Overlord x2  
  67  11:07  Overlord  
  67  11:08  Overlord  
  67  11:11  Hatchery  
  67  11:12  Overlord  
  67  11:17  Drone  
  67  11:18  Drone x2  
  69  11:19  Grooved Spines  
  69  11:30  Zergling x2  
  69  11:31  Zergling x10  
  75  11:43  Drone x2  
  77  11:51  Evolution Chamber  
  77  11:53  Evolution Chamber  
  75  11:57  Baneling  
  75  11:58  Baneling x4  
  75  12:01  Hydralisk x2  
  75  12:02  Hydralisk x2  
  75  12:03  Zergling x2  
  75  12:05  Drone  
  75  12:07  Drone  
  86  12:08  Drone  
  86  12:13  Spore Crawler  
  86  12:14  Drone  
  87  12:29  Hydralisk  
  85  12:30  Hydralisk x3  
  85  12:31  Zergling x2  
  85  12:33  Overseer  
  85  12:35  Drone  
  93  12:37  Extractor  
  93  12:39  Drone, Extractor  
  93  12:43  Drone x2  
  94  12:45  Drone  
  94  12:48  Overlord  
  95  12:51  Baneling  
  95  12:52  Baneling x3  
  95  12:54  Zergling x2  
  95  12:55  Zergling x2  
  97  12:59  Zergling x2  
  98  13:14  Zergling x2  
  98  13:16  Hydralisk  
  98  13:17  Hydralisk x4  
  109  13:26  Roach Warren, Drone x3  
  111  13:27  Drone  
  111  13:34  Overlord  
  112  13:37  Zerg Ground Armor Level 1  
  112  13:48  Overlord  
  112  13:49  Overlord  
  112  13:59  Muscular Augments  
  112  14:07  Lurker Den  
  111  14:11  Drone x6  
  111  14:12  Drone x5  
  122  14:30  Drone  
  126  14:31  Drone x7  
  127  14:51  Zergling x12  
  130  14:53  Overlord  
  127  15:09  Overlord  
  127  15:15  Hydralisk x5  
  127  15:17  Overlord  
  127  15:18  Overlord x2  
  137  15:23  Hatchery  
  136  15:32  Zergling x2  
  136  15:33  Zergling x6  
  140  15:37  Extractor  
  140  15:40  Baneling x4  
  140  15:41  Baneling, Extractor, Zergling x2  
  140  15:42  Zergling x4  
  141  15:46  Infestation Pit  
  140  15:54  Queen  
  142  16:02  Unknown  
  142  16:09  Zergling x2  
  142  16:10  Zergling x10  
  117  16:20  Zergling x4  
  117  16:21  Zergling x2  
  117  16:22  Zergling x2  
  117  16:23  Zergling x4  
Tags
 
Add a new tag
Caveats
  • Supply blocks, unpowered buildings, or Contaminate may cause inaccurate times.
  • Supply counts are checked every 10 seconds.